 Dungeon Crawl Stone Soup version 0.30-a0-368-g86fb4627a9 (webtiles) character file.

Game seed: 13385823996658096417

119 oldriver the Magician (level 4, -4/35 HPs)
             Began as a Mummy Necromancer on Nov 19, 2022.
             Slain by an orc priest
             ... wielding a +0 flail
              (5 damage)
             ... on level 3 of the Dungeon.
             The game lasted 00:02:12 (2054 turns).

oldriver the Magician (Mummy Necromancer)           Turns: 2054, Time: 00:02:13

Health: -4/35      AC:  3    Str: 11    XL:     4   Next: 73%
Magic:  3/10       EV: 12    Int: 16    God:
Gold:   79         SH:  0    Dex: 12    Spells: 11/12 levels left

rFire   x . .      SeeInvis .    e - +0 dagger (flame)
rCold   + . .      Faith    +    (no shield)
rNeg    + + +      Spirit   .    a - +0 robe
rPois   ∞          Reflect  .    i - +0 helmet
rElec   .          Harm     .    (no cloak)
rCorr   .          Rampage  .    (no gloves)
Will    +....                    (no boots)
Stlth   ++........               (no amulet)
HPRegen 0.25/turn                b - ring of willpower
MPRegen 0.12/turn                (no ring)

@: no status effects
A: cold resistance 1, negative energy resistance 3, torment resistance 2, heat
vulnerability 1, in touch with death 1, no potions, faith
a: no special abilities


You were on level 3 of the Dungeon.
You visited 1 branch of the dungeon, and saw 3 of its levels.

You collected 79 gold pieces.

Inventory:

Hand Weapons
 e - a +0 dagger of flaming (weapon)
Armour
 a - a +0 robe (worn)
 i - a +0 helmet (worn)
Jewellery
 b - a ring of willpower (left hand)
Scrolls
 d - a scroll of poison {unknown}
 f - a scroll of torment {unknown}
 g - a scroll of vulnerability {unknown}
 h - 3 scrolls of identify {unknown}


   Skills:
 + Level 3.0 Fighting
 - Level 1.5 Dodging
 - Level 1.5 Stealth
 + Level 4.7 Spellcasting
 - Level 4.0 Necromancy


You had 11 spell levels left.
You knew the following spells:

 Your Spells              Type           Power      Damage    Failure   Level
a - Necrotise             Necr           96%        1d8       3%          1

Your spell library contained the following spells:

 Spells                   Type           Power      Damage    Failure   Level
 Vampiric Draining        Necr           24%        2d7       9%          3
 Animate Dead             Necr           24%        N/A       30%         4
 Agony                    Necr           24%        N/A       63%         5


Dungeon Overview and Level Annotations

Branches:
Dungeon (3/15)

Altars:


Innate Abilities, Weirdness & Mutations

You are immune to poison.
Your flesh is cold resistant. (rC+)
You are immune to negative energy. (rN+++)
You are immune to unholy pain and torment.
You are vulnerable to heat. (rF-)
You are in touch with the powers of death.
You do not drink.
You have a special connection with the divine. (Faith)


Message History

Your orc skeleton is destroyed!
Your orc skeleton barely misses the orc priest.
You feel a surge of power!
The orc writhes in agony.
The orc hits you with a +0 hand axe!
You feel a surge of power!
The orc priest writhes in agony.
Your orc skeleton barely misses the orc priest.
The orc priest hits you with a +0 flail!
The orc barely misses you.
You feel a surge of power!
The orc priest barely resists.
Your orc skeleton closely misses the orc priest.
The orc priest closely misses you. The orc misses you.
You feel a surge of power!
The orc priest writhes in agony!
The orc priest drinks a potion.
The orc priest is healed!
The orc barely misses you.
Your orc skeleton hits the orc priest but does no damage.
You feel a surge of power!
The orc writhes in agony.
You kill the orc!
The dead are walking!
The orc priest closely misses you.
You hit the orc priest but do no damage.
Your orc skeleton barely misses the orc priest.
The orc priest calls down the wrath of Beogh upon you.
Beogh smites you!
* * * LOW HITPOINT WARNING * * *
You hit the orc priest but do no damage.
Your orc skeleton hits the orc priest but does no damage.
Your orc skeleton hits the orc priest.
The orc priest barely misses you.
Casting: Necrotise (safe; 3% risk of failure)
Confirm with . or Enter, or press ? or * to list all spells.
You don't know that spell.
You hit the orc priest but do no damage.
The orc priest is lightly wounded.
Your orc skeleton closely misses the orc priest.
Your orc skeleton completely misses the orc priest.
The orc priest hits you with a +0 flail!
* * * LOW HITPOINT WARNING * * *
You hit the orc priest but do no damage.
The orc priest is lightly wounded.
Your orc skeleton barely misses the orc priest.
The orc priest hits you with a +0 flail.
You die...

♣ ♣...####
..♣♣....(##
...♣.....##
♣♣♣♣.......#
...........#
♣......$...#
♣♣.........#######
.......)........<#
...#.Zo@......####
.....Z).....#####
.....)....#..#...
.......)..#......
..............##
.........?...##
..............#
...........#..#
..........#...#


You could see an orc priest (ally target) and 2 friendly orc skeletons.

Vanquished Creatures
  A gnoll (D:1)
  5 adders (D:2)
  A dart slug (D:1)
  3 orcs (D:3)
  3 endoplasms (D:1)
  4 giant cockroaches
  8 goblins
  3 hobgoblins
  6 jackals
  4 ball pythons
  3 bats
  5 kobolds
  4 rats
50 creatures vanquished.

Vanquished Creatures (collateral kills)
  A giant cockroach (D:1)
  A kobold (D:1)
  A quokka (D:1)
  A rat (D:2)
4 creatures vanquished.

Grand Total: 54 creatures vanquished

Notes
Turn   | Place    | Note
-------+----------+-------------------------------------------
     0 | D:1      | oldriver the Mummy Necromancer began the quest for the Orb.
     0 | D:1      | Reached XP level 1. HP: 13/13 MP: 4/4
    94 | D:1      | Reached skill level 1 in Fighting
    94 | D:1      | Reached XP level 2. HP: 6/21 MP: 0/6
   412 | D:2      | Gained mutation: You are in touch with the powers of death.
                  | [Mummy growth]
   412 | D:2      | Reached XP level 3. HP: 24/27 MP: 5/8
  1223 | D:2      | Reached XP level 4. HP: 31/34 MP: 7/10
  2053 | D:3      | HP: 1/35 [orc priest/+0 flail (7)]
  2054 | D:3      | Slain by an orc priest

Illustrated notes

Levels and vault maps discovered:
D:1:      enne_arrival_octagon_isle, layout_rooms
D:2:      cheibrodos_helix_gallery, layout_loops_corners
D:3:      layout_rooms, mainiacjoe_overflow_alcove_2,
          mainiacjoe_overflow_small_starburst,
          shapermc_ecumenical_altar_totnotflames, serial_shops,
          nicolae_shop_waterfront, uniq_crazy_yiuf_cottage, uniq_ijyb,
          uniq_robin

Skill      XL: |  1  2  3  4 |
---------------+-------------+-----
Spellcasting   | 3 4 |  4.7
Fighting       | 1 2 3 |  3.0
Dodging        | |  1.5
Stealth        | |  1.5
Necromancy     | |  4.0

Action                   |  1- 3 |  4- 6 || total
-------------------------+-------+-------++-------
Melee: Unarmed           |    39 |       ||    39
       Dagger            |     2 |     9 ||    11
 Cast: Necrotise         |    65 |    37 ||   102
Armor: Robe              |    26 |     3 ||    29
Dodge: Dodged            |    49 |    17 ||    66

Table legend: (Time is in decaauts)
 A = Elapsed time spent in this place.
 B = Non-inter-level travel time spent in this place.
 C = Inter-level travel time spent in this place.
 D = Time resting spent in this place.
 E = Time spent auto-exploring this place.
 F = Levels seen in this place.
 G = Mean time per level.
                   A        B        C        D        E       F      G
               +--------+--------+--------+--------+--------+-----+--------+
         Total |   2055 |   2017 |     38 |    139 |   1500 |   3 |  685.0 |
       Dungeon |   2055 |   2017 |     38 |    139 |   1500 |   3 |  685.0 |
               +--------+--------+--------+--------+--------+-----+--------+

Top non-repeatable levels by time:
     D:2: 1225 daAuts
     D:1: 780 daAuts
     D:3: 48 daAuts
